 Dungeon Crawl Stone Soup version 0.20-a0-548-g4f8a798 (webtiles) character file.

3069 krabocopter the Fighter (level 9, -1/76 (77) HPs)
             Began as a Demonspawn Gladiator on Feb 1, 2017.
             Slain by a killer bee (9 damage)
             ... on level 8 of the Dungeon.
             The game lasted 00:35:30 (7850 turns).

krabocopter the Fighter (Demonspawn Gladiator)      Turns: 7850, Time: 00:35:30

HP:   -1/76 (77)    AC:  4    Str: 19    XL:     9   Next: 58%
MP:   9/9           EV: 15    Int: 11    God:
Gold: 403           SH:  0    Dex: 15    Spells: 8/8 levels left

rFire    + + .     SeeInvis .   w - +2 mace (protect)
rCold    . . .     Gourm    .   b - +0 leather armour
rNeg     . . .     Faith    .   (no shield)
rPois    +         Spirit   .   (helmet restricted)
rElec    .         Reflect  .   (no cloak)
rCorr    .         Harm     .   (no gloves)
MR       .....     Rnd*Tele +   e - +0 pair of boots
Stlth    ++++++....             (no amulet)
Regen    0.3/turn               y - ring "Penyb" {*Tele Str+5}
                                n - ring of fire

@: lethally poisoned (-1 -> -2)
A: claws 2, hooves 1, horns 2, clumsy 1, cold resistance 1, deterioration 1,
fire resistance 1, nightstalker 3, poison resistance
a: no special abilities


You were on level 8 of the Dungeon.
You were not hungry.

You visited 1 branch of the dungeon, and saw 8 of its levels.

You collected 403 gold pieces.

Inventory:

Hand Weapons
 g - a +0 whip of flaming
 t - a +3 morningstar
 v - a +0 falchion of slicing
 w - a +2 mace of protection (weapon)
Missiles
 d - 4 throwing nets (quivered)
Armour
 b - a +0 leather armour (worn)
 e - a +0 pair of boots (worn)
Jewellery
 n - a ring of fire (left claw)
 y - the ring "Penyb" (right claw) {*Tele Str+5}
   (You found it on level 6 of the Dungeon)

   [ring of teleportation]

   It may teleport you next to monsters.
   It affects your strength (+5).
Wands
 a - a wand of confusion (17/48)
 x - a wand of random effects (10/48)
Scrolls
 c - 2 scrolls of fear {unknown}
 h - 10 scrolls of identify
 j - a scroll of immolation {unknown}
 k - a scroll of recharging {unknown}
 l - 2 scrolls of remove curse
 m - 2 scrolls of noise {unknown}
 p - 2 scrolls of magic mapping
 r - a scroll of enchant armour {unknown}
 s - 2 scrolls of teleportation
 u - 3 scrolls of fog
Potions
 o - 3 potions of curing
 A - a potion of magic {unknown}
 B - a potion of brilliance
Comestibles
 f - 8 bread rations
 i - 8 meat rations
 q - 4 fruits
 z - 3 royal jellies
 C - 3 chunks of flesh


   Skills:
 + Level 9.6 Fighting
   Level 3.7 Polearms
 - Level 1.7 Throwing
 + Level 5.8 Dodging
 - Level 7.1 Stealth


You had 8 spell levels left.
You didn't know any spells.

Dungeon Overview and Level Annotations

Branches:
Dungeon (8/15)             Temple (0/1) D:5
   Lair: D:8-11

Altars:
Ashenzari
Cheibriados
Fedhas
Gozag
Hepliaklqana
Kikubaaqudgha
Nemelex Xobeh
Qazlal
Sif Muna
Uskayaw

Shops:
D:5 (!

Annotations:
D:5 Blork the orc; Eustachio; YrmMerkstave's ghost, amateur MfSk
D:7 Duvessa
D:8 Maurice


Innate Abilities, Weirdness & Mutations

You have very sharp fingernails.
You have a pair of horns on your head.
Your flesh is heat resistant. (rF+)
You are completely attuned to the shadows.
You have large cloven feet.
You are clumsy. (Dex -2)
Your flesh is cold resistant. (rC+)
Your body sometimes deteriorates upon taking damage.
Your system is resistant to poisons. (rPois)


Message History

* * * LOW HITPOINT WARNING * * *
The killer bee misses you. The killer bee closely misses you.
You closely miss the killer bee. Your headbutt misses the killer bee.
The killer bee is severely wounded.
You feel sick. The killer bee barely misses you. The killer bee stings you.
* * * LOW HITPOINT WARNING * * *
The killer bee closely misses you.
You closely miss the killer bee. Your headbutt misses the killer bee.
The killer bee is severely wounded.
You feel sick.
The killer bee stings you but does no damage.
The killer bee closely misses you. The killer bee misses you.
You closely miss the killer bee. Your headbutt misses the killer bee.
The killer bee is severely wounded.
The killer bee closely misses you. The killer bee stings you!
* * * LOW HITPOINT WARNING * * *
You barely miss the killer bee.
The killer bee is severely wounded.
You feel sick. The killer bee misses you. The killer bee stings you!
You die...

@ #. ##.############## #..
..........yy@.... #..
#.#..##################
#..
#.....##............####..
#.....##.#..#######.#.....
#.....##.#..# #.#.###.
#.....##.#..# #.#...#.
#.....##.#### #.#.#.#.
#.....##.# #.###.#.
#.....##.# #.......


You could see 2 killer bees.

Vanquished Creatures
  Pikel (D:4)
  Menkaure (D:6)
  2 orc warriors
  4 phantoms
  2 sky beasts (D:5)
  2 ogres (D:5)
  A necrophage (D:7)
  The ghost of Alarkh the Chopper, an amateur DsMo (D:3)
  A centaur (D:6)
  A bullfrog (D:7)
  3 scorpions
  A water moccasin skeleton (D:4)
  A killer bee (D:8)
  3 howler monkeys
  A crimson imp (D:5)
  A hound (D:5)
  2 jellies
  An orc priest (D:6)
  2 bullfrog skeletons (D:5)
  5 orc wizards
  2 centaur skeletons
  3 iguanas
  4 worker ants
  A hound skeleton (D:3)
  2 worker ant zombies (D:5)
  11 gnolls
  A howler monkey skeleton (D:4)
  8 adders
  2 oozes
  An adder zombie (D:5)
  An adder skeleton (D:6)
  4 worms
  3 dart slugs
  3 leopard geckos
  31 orcs
  A ball python (D:3)
  2 giant cockroaches (D:3)
  7 hobgoblins
  2 quokkas (D:4)
  10 bats
  6 frilled lizards
  7 goblins
  12 kobolds
  A leopard gecko zombie (D:5)
  A quokka skeleton (D:6)
  8 rats
170 creatures vanquished.

Vanquished Creatures (others)
  An ogre (D:4)
  An adder (D:4)
  An adder skeleton (D:4)
  An orc (D:4)
  2 jackals (D:4)
  A frilled lizard (D:4)
7 creatures vanquished.

Grand Total: 177 creatures vanquished

Notes
Turn   | Place    | Note
-------+----------+-------------------------------------------
     0 | D:1      | krabocopter the Demonspawn Gladiator began the quest for the Orb.
     0 | D:1      | Reached XP level 1. HP: 16/16 MP: 1/1
   287 | D:1      | Gained mutation: You are slightly more attuned to the shadows. [demonic ancestry]
   287 | D:1      | Reached XP level 2. HP: 15/23 MP: 2/2
   728 | D:2      | Gained mutation: You have a pair of small horns on your head. [demonic ancestry]
   728 | D:2      | Reached XP level 3. HP: 19/28 MP: 3/3
   891 | D:2      | Reached skill level 3 in Fighting
   948 | D:2      | Found a hazy altar of Hepliaklqana.
  1114 | D:2      | Gained mutation: Your flesh is heat resistant. (rF+) [demonic ancestry]
  1114 | D:2      | Reached XP level 4. HP: 30/35 MP: 4/4
  1279 | D:3      | Noticed Alarkh's ghost (amateur DsMo)
  1366 | D:3      | Found a faded altar of an unknown god.
  1429 | D:3      | Reached skill level 1 in Stealth
  1579 | D:3      | Gained mutation: Your flesh is cold resistant. (rC+) [potion of mutation]
  1579 | D:3      | Gained mutation: You are clumsy. (Dex -2) [potion of mutation]
  1579 | D:3      | Gained mutation: You have sharp fingernails. [potion of mutation]
  1583 | D:3      | HP: 1/37 [gnoll/halberd (6)]
  1584 | D:3      | Gained mutation: You are significantly more attuned to the shadows. [demonic ancestry]
  1584 | D:3      | Reached XP level 5. HP: 1/42 MP: 5/5
  2118 | D:3      | Reached skill level 4 in Fighting
  2434 | D:3      | Found a blossoming altar of Fedhas.
  2656 | D:3      | Killed Alarkh's ghost
  2656 | D:3      | Gained mutation: You are completely attuned to the shadows. [demonic ancestry]
  2656 | D:3      | Reached XP level 6. HP: 19/49 MP: 6/6
  3159 | D:4      | Noticed a slave
  3160 | D:4      | Noticed a slave
  3179 | D:4      | Noticed a slave
  3180 | D:4      | Noticed Pikel
  3185 | D:4      | Noticed a slave
  3216 | D:4      | Killed Pikel
  3216 | D:4      | Reached skill level 6 in Fighting
  3216 | D:4      | Reached skill level 5 in Stealth
  3216 | D:4      | Gained mutation: You have very sharp fingernails. [demonic ancestry]
  3216 | D:4      | Reached XP level 7. HP: 36/59 MP: 7/7
  3244 | D:4      | Gained mutation: Your system is resistant to poisons. (rPois) [potion of mutation]
  3244 | D:4      | Gained mutation: Your body sometimes deteriorates upon taking damage. [potion of mutation]
  3244 | D:4      | Gained mutation: You have large cloven feet. [potion of mutation]
  3513 | D:4      | Found an ancient bone altar of Kikubaaqudgha.
  3519 | D:4      | Found a snail-covered altar of Cheibriados.
  3522 | D:4      | Found a stormy altar of Qazlal.
  3522 | D:4      | Found an opulent altar of Gozag.
  3802 | D:4      | Found a shattered altar of Ashenzari.
  3978 | D:5      | Entered Level 5 of the Dungeon
  4040 | D:5      | Reached XP level 8. HP: 53/65 MP: 8/8
  4506 | D:5      | Reached skill level 7 in Fighting
  4561 | D:5      | Found Plog's Distillery.
  4574 | D:5      | Found Engit's Weapon Shop.
  4637 | D:5      | Noticed Blork the orc
  4651 | D:5      | Found a staircase to the Ecumenical Temple.
  5005 | D:5      | Noticed YrmMerkstave's ghost (amateur MfSk)
  5364 | D:5      | Reached skill level 8 in Fighting
  5425 | D:5      | Noticed Eustachio
  6139 | D:6      | Gained mutation: You have a pair of horns on your head. [demonic ancestry]
  6139 | D:6      | Reached XP level 9. HP: 55/75 MP: 9/9
  6385 | D:6      | Found an opulent altar of Gozag.
  6392 | D:6      | Got a slimy brass ring
  6395 | D:6      | Identified the ring "Penyb" {*Tele Str+5} (You found it on level 6 of the Dungeon)
  6793 | D:6      | Noticed Menkaure
  6799 | D:6      | Killed Menkaure
  6879 | D:7      | Reached skill level 9 in Fighting
  6889 | D:7      | Reached skill level 5 in Dodging
  7219 | D:7      | Noticed Duvessa
  7357 | D:7      | Found a blossoming altar of Fedhas.
  7398 | D:7      | Found a sparkling altar of Nemelex Xobeh.
  7422 | D:7      | Found a deep blue altar of Sif Muna.
  7705 | D:8      | Found a hide-covered altar of Uskayaw.
  7706 | D:8      | Noticed a hand axe
  7706 | D:8      | Noticed a dagger
  7706 | D:8      | Noticed a two-headed ogre
  7824 | D:8      | Noticed Maurice
  7850 | D:8      | Slain by a killer bee

Vault maps used:
D:1:      minmay_arrival_nine_rooms
D:2:      lemuel_coloured_pillars_altar, moated_statue
D:3:      lemuel_doored_altar, chequers_ecumenical_altar_simple
D:4:      minitemple, first_bread, serial_glass, glass_columns_b,
          glass_columns_c, due_unseen_surprise, feat_on_display, uniq_pikel
D:5:      kennysheep_windowed_halls, minmay_temple_entry_purple_smoke,
          serial_shops, shop, shop, kennysheep_small_circle, uniq_blork_the_orc,
          uniq_eustachio
D:6:      basic_altar, uniq_menkaure
D:7:      lemuel_round_altar, lemuel_round_altar, basic_altar, uniq_duvessa
D:8:      dancing_weapons_uskayaw, nicolae_ru_awakened_eye, uniq_joseph,
          uniq_erica, uniq_maurice

Skill      XL: |  1  2  3  4  5  6  7  8  9 |
---------------+----------------------------+-----
Polearms       | 3 |  3.7
Fighting       | 3 4 6 8 9 |  9.6
Stealth        | 1 3 5 7 |  7.1
Dodging        | 3 5 |  5.8
Throwing       | |  1.7

Action                   |  1- 3 |  4- 6 |  7- 9 || total
-------------------------+-------+-------+-------++-------
Melee: Trident           |   128 |    85 |       ||   213
       Headbutt          |     2 |    26 |    90 ||   118
       Mace              |       |    79 |   458 ||   537
  Use: Potion            |       |     5 |     9 ||    14
       Scroll            |       |     1 |     7 ||     8
 Stab: Sleeping          |     6 |    11 |    19 ||    36
       Distracted        |       |     1 |       ||     1
  Eat: Chunk             |     1 |     7 |    12 ||    20
       Fruit             |       |       |     2 ||     2
       Meat ration       |       |       |     1 ||     1
Armor: Leather armour    |    27 |    46 |   192 ||   265
       Skin              |       |       |    42 ||    42
Dodge: Dodged            |    81 |    81 |   329 ||   491
